 Dungeon Sprint DCSS version 0.27-a0-1136-g0b992a5a9d (webtiles) character file.

Game seed: 15258952969548684717

6783 mhtbhm the Eclecticist (level 10, -6/50 HPs)
             Began as a Deep Elf Fire Elementalist on May 4, 2021.
             Was a High Priest of Vehumet.
             Mangled by a rust devil (12 damage)
             ... summoned by an orc high priest
             ... in the Dungeon (Sprint III: "The Ten Rune Challenge").
             The game lasted 00:06:20 (2250 turns).

mhtbhm the Eclecticist (Deep Elf Fire Elementalist) Turns: 2250, Time: 00:06:20

Health: -6/50      AC: -1    Str:  5    XL:     10   Next: 76%
Magic:  7/34       EV: 15    Int: 24    God:    Vehumet [*****.]
Gold:   42         SH:  0    Dex: 15    Spells: 26/45 levels left

rFire    . . .     SeeInvis .   (no weapon)
rCold    . . .     Faith    .   (no shield)
rNeg     . . .     Spirit   .   a - +0 robe
rPois    .         Reflect  .   (no helmet)
rElec    .         Harm     .   b - +0 cloak
rCorr    .         Rampage  .   (no gloves)
Will     +....     NoTele   +   (no boots)
Stlth    +++.......             (no amulet)
HPRegen  0.16/turn              (no ring)
MPRegen  0.24/turn              (no ring)

@: corroded
A: no striking features
a: Renounce Religion


You were in the Dungeon.
You worshipped Vehumet.
Vehumet was extremely pleased with you.
You visited 1 branch You collected 42 gold pieces.

Inventory:

Missiles
 h - 7 curare-tipped darts
Armour
 a - a +0 robe (worn)
 b - a +0 cloak (worn)
Wands
 n - a wand of acid (6)
Scrolls
 j - a scroll of torment {unknown}
 k - 2 scrolls of identify {unknown}
 m - a scroll of holy word {unknown}
Potions
 c - 2 potions of curing
 d - 2 potions of heal wounds
 e - a potion of haste
 f - 2 potions of magic
 g - a potion of berserk rage
 i - 4 potions of mutation {unknown}
 l - 4 potions of flight
Miscellaneous
 o - a phantom mirror


   Skills:
 + Level 6.2 Dodging
 - Level 4.9 Stealth
 + Level 18.1 Spellcasting
 + Level 14.4 Conjurations
 + Level 16.1 Fire Magic
 + Level 3.0 Evocations


You had 26 spell levels left.
You knew the following spells:

 Your Spells              Type           Power      Damage    Failure   Level
a - Foxfire               Conj/Fire      100%       2x1d9     0%          1
b - Conjure Flame         Conj/Fire      76%        6-21      0%          3
c - Inner Flame           Hex/Fire       57%        N/A       1%          3
d - Sticky Flame          Conj/Fire      76%        2d9       1%          4
e - Fireball              Conj/Fire      38%        3d16      1%          5
f - Mephitic Cloud        Conj/Pois/Air  44%        N/A       1%          3

Your spell library contained the following spells:

 Spells                   Type           Power      Damage    Failure   Level
 Starburst                Conj/Fire      38%        8x6d11    1%          6
 Sandblast                Erth           42%        2d11      1%          1
 Stone Arrow              Conj/Erth      100%       3d13      1%          3
 Summon Small Mammal      Summ           84%        N/A       2%          1
 Call Imp                 Summ           21%        N/A       3%          2
 Passwall                 Tmut/Erth      17%        N/A       3%          2
 Call Canine Familiar     Summ           21%        N/A       7%          3
 Summon Guardian Golem    Hex/Summ       21%        N/A       7%          3
 Lee's Rapid Deconstruct  Erth           10%        3d9*      17%         5
 Petrify                  Tmut/Erth      21%        N/A       22%         4
 Summon Ice Beast         Ice/Summ       21%        N/A       22%         4
 Summon Lightning Spire   Summ/Air       21%        N/A       22%         4


Dungeon Overview and Level Annotations

Branches:
Dungeon (1/1)

Altars:
Cheibriados
Dithmenos
Elyvilon
Fedhas
Gozag
Hepliaklqana
Kikubaaqudgha
Makhleb
Nemelex Xobeh
Okawaru
Qazlal
Ru
Sif Muna
Trog
Uskayaw
Vehumet
Wu Jian
Xom
Yredelemnul
Zin
The Shining One
Beogh
Jiyva
Lugonu


Message History

The fireball explodes!
The fireball engulfs the orc high priest!!
The orc high priest is severely wounded.
Vehumet accepts your kill.
You feel a bit more experienced.
You hear a shout!
An orc high priest comes into view. It is wielding a +0 mace.
The orc high priest invokes the aid of Beogh against you.
Beogh smites you!
The soul eater draws from the surrounding life force!
Unknown command.
Unknown command.
Unknown command.
That's the wrong kind of item! (Use * to select it.) Evoke which item? (* to show all) (? for menu, Esc to quit)
Okay, then.
Aiming: Corrosive Bolt
Press: ? - help, Shift-Dir - straight line, f/p - orc high priest
Aim: an orc high priest, wielding a +0 dire flail (severely wounded, 67% to hit)
The bolt of acid hits the rust devil!!
The rust devil is splashed with acid.
The rust devil is heavily wounded.
The bolt of acid misses the orc high priest.
The orc high priest calls upon Beogh to heal the orc high priest.
The orc high priest is healed somewhat.
The soul eater draws from the surrounding life force!
The rust devil hits you. The rust devil corrodes you!
Unknown command.
Unknown command.
Unknown command.
Unknown command.
Aiming: Corrosive Bolt
Press: ? - help, Shift-Dir - straight line, f/p - orc high priest
Aim: an orc high priest, wielding a +0 dire flail (severely wounded, 67% to hit)
The bolt of acid misses the rust devil.
The bolt of acid misses the orc high priest.
The orc high priest calls down the wrath of Beogh upon you.
Beogh smites you!
* * * LOW HITPOINT WARNING * * *
The rust devil hits you!
You die...

.#..#..##..'...^...#
▓▓▓▓▓▓▓▓▓▓▓#..)^^.^#
§....≈≈≈...#.^.^...#
≈≈≈≈≈≈≈♣♣P.'....^^.#
♣♣♣♣♣♣♣♣♣PP#.^.....#
♣♣♣##'########
#...'.§≈§≈#
#...#.§≈≈≈#
#...#@#≈≈≈# #####4#
§≈≈# .o# §§≈≈ o..# ≈
.).3# ....P# #+#####


You could see a soul eater (summoned), 2 orc high priests and a rust devil
(summoned).

Vanquished Creatures
  Frances (D)
  Donald (D)
  Erolcha (D)
  A deep elf pyromancer (D)
  3 wandering mushrooms (D)
  A shadow (D)
  2 redbacks (D)
  A spatial vortex (D)
  A necrophage (D)
  5 two-headed ogres (D)
  A water elemental (D)
  A jelly (D)
  Crazy Yiuf (D)
  2 orc priests (D)
  Jessica (D)
  A wizard (D)
  A necromancer (D)
  3 humans (D)
  A kobold demonologist (D)
  An endoplasm (D)
  2 rats (D)
32 creatures vanquished.

Vanquished Creatures (others)
  2 hydras (D)
  50 foxfires (D)
  8 plants (D)
60 creatures vanquished.

Grand Total: 92 creatures vanquished

Notes
Turn   | Place    | Note
-------+----------+-------------------------------------------
     0 | D        | mhtbhm the Deep Elf Fire Elementalist began the quest for
                  | the Orb.
     0 | D        | Reached XP level 1. HP: 10/10 MP: 6/6
    76 | D        | Noticed Jessica
    93 | D        | Killed Jessica
    94 | D        | Reached skill level 5 in Spellcasting
    94 | D        | Reached skill level 5 in Fire Magic
    94 | D        | Reached XP level 2. HP: 14/15 MP: 0/10
    94 | D        | Reached XP level 3. HP: 18/19 MP: 0/11
    98 | D        | Learned a level 3 spell: Conjure Flame
   102 | D        | Learned a level 3 spell: Inner Flame
   276 | D        | Noticed Crazy Yiuf
   283 | D        | Killed Crazy Yiuf
   284 | D        | Reached skill level 6 in Spellcasting
   284 | D        | Reached XP level 4. HP: 24/24 MP: 7/14
   374 | D        | Learned a level 4 spell: Sticky Flame
   377 | D        | Noticed a water elemental
   380 | D        | Killed a water elemental
   381 | D        | Reached skill level 7 in Spellcasting
   486 | D        | Found a radiant altar of Vehumet.
   486 | D        | Found a shimmering blue altar of Sif Muna.
   486 | D        | Found an ancient bone altar of Kikubaaqudgha.
   486 | D        | Noticed a wizard
   489 | D        | Killed a wizard
   490 | D        | Reached XP level 5. HP: 28/28 MP: 11/17
   506 | D        | Became a worshipper of Vehumet
   561 | D        | Learned a level 5 spell: Fireball
   574 | D        | Found a glowing silver altar of Zin.
   574 | D        | Found a glowing golden altar of the Shining One.
   574 | D        | Found a white marble altar of Elyvilon.
   574 | D        | Noticed a deep elf pyromancer
   612 | D        | Found a basalt altar of Yredelemnul.
   612 | D        | Found a shadowy altar of Dithmenos.
   612 | D        | Found a sacrificial altar of Ru.
   612 | D        | Noticed a necrophage
   614 | D        | Reached skill level 5 in Dodging
   614 | D        | Reached skill level 8 in Spellcasting
   616 | D        | Killed a necrophage
   617 | D        | Reached skill level 9 in Spellcasting
   617 | D        | Reached skill level 5 in Conjurations
   617 | D        | Reached XP level 6. HP: 32/32 MP: 4/20
   712 | D        | Found a hide-covered altar of Uskayaw.
   712 | D        | Found an iron altar of Okawaru.
   712 | D        | Found a bloodstained altar of Trog.
   712 | D        | Found an ornate altar of the Wu Jian Council.
   712 | D        | Noticed a human
   712 | D        | Noticed a human
   715 | D        | Killed a human
   715 | D        | Reached * piety under Vehumet
   715 | D        | Offered knowledge of Magic Dart by Vehumet.
   715 | D        | Killed a human
   716 | D        | Reached skill level 11 in Spellcasting
   716 | D        | Reached skill level 10 in Fire Magic
   716 | D        | Reached XP level 7. HP: 36/36 MP: 7/23
   808 | D        | Killed a deep elf pyromancer
   809 | D        | Reached skill level 12 in Spellcasting
   809 | D        | Reached XP level 8. HP: 22/41 MP: 4/26
   957 | D        | Reached ** piety under Vehumet
   957 | D        | Offered knowledge of Shock by Vehumet.
   960 | D        | Reached skill level 13 in Spellcasting
   960 | D        | Reached skill level 10 in Conjurations
  1042 | D        | Found a blossoming altar of Fedhas.
  1042 | D        | Found a stormy altar of Qazlal.
  1042 | D        | Found a snail-covered altar of Cheibriados.
  1042 | D        | Found a burning altar of Makhleb.
  1042 | D        | Found a shimmering altar of Xom.
  1043 | D        | Found a hazy altar of Hepliaklqana.
  1043 | D        | Found an opulent altar of Gozag.
  1043 | D        | Found a sparkling altar of Nemelex Xobeh.
  1043 | D        | Found a corrupted altar of Lugonu.
  1043 | D        | Found a viscous altar of Jiyva.
  1175 | D        | Offered knowledge of Mephitic Cloud by Vehumet.
  1176 | D        | Reached *** piety under Vehumet
  1314 | D        | Noticed a two-headed ogre
  1336 | D        | Killed a two-headed ogre
  1337 | D        | Reached skill level 14 in Spellcasting
  1600 | D        | Learned a level 3 spell: Mephitic Cloud
  1601 | D        | Noticed a two-headed ogre
  1601 | D        | Noticed Erolcha
  1609 | D        | Killed Erolcha
  1609 | D        | Offered knowledge of Fulminant Prism by Vehumet.
  1610 | D        | Reached skill level 15 in Spellcasting
  1610 | D        | Reached skill level 1 in Evocations
  1610 | D        | Reached XP level 9. HP: 29/45 MP: 17/30
  1614 | D        | Killed a two-headed ogre
  1883 | D        | Reached **** piety under Vehumet
  1883 | D        | Offered knowledge of Bolt of Magma by Vehumet.
  1975 | D        | Noticed a wandering mushroom
  1979 | D        | Noticed a wandering mushroom
  1982 | D        | Killed a wandering mushroom
  1986 | D        | Killed a wandering mushroom
  1987 | D        | Reached skill level 16 in Spellcasting
  1988 | D        | Noticed a wandering mushroom
  1993 | D        | Killed a wandering mushroom
  2078 | D        | Noticed Donald
  2078 | D        | Noticed Frances
  2084 | D        | Noticed a red devil
  2085 | D        | Killed Donald
  2085 | D        | Reached ***** piety under Vehumet
  2085 | D        | Offered knowledge of Starburst by Vehumet.
  2086 | D        | Reached skill level 17 in Spellcasting
  2086 | D        | Reached skill level 15 in Fire Magic
  2086 | D        | Reached XP level 10. HP: 34/50 MP: 11/33
  2086 | D        | Killed Frances
  2087 | D        | Reached skill level 18 in Spellcasting
  2105 | D        | Killed a five-headed hydra
  2121 | D        | Killed a four-headed hydra
  2244 | D        | Noticed a rust devil
  2248 | D        | Noticed a soul eater
  2250 | D        | Mangled by a rust devil

Illustrated notes

Levels and vault maps discovered:
D:        dungeon_sprint_mu [sprint_mu_entry_forest, sprint_mu_temple_rooms,
          sprint_mu_d1_spiders, sprint_mu_d2_genie, sprint_mu_d3_branching,
          sprint_mu_orc_legion, sprint_mu_elf_gauntlet, sprint_mu_hive_nellie,
          sprint_mu_lair_fedhas, sprint_mu_vaults_butterflies,
          sprint_mu_slime_circle, sprint_mu_shoals_kraken,
          sprint_mu_snake_twists, sprint_mu_blade_basic,
          sprint_mu_crypt_chambers, sprint_mu_tomb_spiral,
          sprint_mu_vestibule_basic, sprint_mu_gehenna_hellfire,
          sprint_mu_dis_giant, sprint_mu_tartarus_statrot,
          sprint_mu_cocytus_islands, sprint_mu_zot1]

Skill      XL: |  1  2  3  4  5  6  7  8  9 10 |
---------------+-------------------------------+-----
Fire Magic     | 5 6 8 9 10 11 13 15 16 | 16.1
Dodging        | 3 4 5 6 |  6.2
Stealth        | 3 4 |  4.9
Spellcasting   | 5 6 7 9 11 12 15 17 18 | 18.1
Conjurations   | 2 3 4 5 7 9 11 13 14 | 14.4
Evocations     | 1 2 3 |  3.0

Action                   |  1- 3 |  4- 6 |  7- 9 | 10-12 || total
-------------------------+-------+-------+-------+-------++-------
Melee: Unarmed           |     1 |       |       |       ||     1
 Cast: Foxfire           |    27 |     7 |       |       ||    34
       Sticky Flame      |       |     5 |     7 |       ||    12
       Fireball          |       |     3 |    36 |     7 ||    46
Evoke: Wand              |       |       |     3 |     2 ||     5
  Use: Scroll            |       |       |     1 |       ||     1
Dodge: Dodged            |     2 |     3 |     7 |       ||    12

Table legend: (Time is in decaauts)
 A = Elapsed time spent in this place.
 B = Non-inter-level travel time spent in this place.
 C = Inter-level travel time spent in this place.
 D = Time resting spent in this place.
 E = Time spent auto-exploring this place.
 F = Levels seen in this place.
 G = Mean time per level.
                   A        B        C        D        E       F      G
               +--------+--------+--------+--------+--------+-----+--------+
         Total |   2262 |   2262 |      0 |   1781 |      1 |   1 | 2262.0 |
       Dungeon |   2262 |   2262 |      0 |   1781 |      1 |   1 | 2262.0 |
               +--------+--------+--------+--------+--------+-----+--------+

Top non-repeatable levels by time:
       D: 2262 daAuts
